 Dungeon Crawl Stone Soup version 0.23.2-30-g0e89c35649 (webtiles) character file.

Game seed: 11122996980668867797

177 troglodite the Charmwright (level 5, -5/41 HPs)
             Began as a Demonspawn Skald on June 24, 2019.
             Slain by an ogre
             ... wielding a +0 giant club
              (14 damage)
             ... on level 4 of the Dungeon.
             The game lasted 00:05:22 (2899 turns).

troglodite the Charmwright (Demonspawn Skald)       Turns: 2899, Time: 00:05:22

Health: -5/41      AC:  5    Str: 12    XL:     5   Next: 31%
Magic:  5/8        EV: 12    Int: 15    God:
Gold:   39         SH:  0    Dex: 12    Spells: 1/8 levels left

rFire    . . .     SeeInvis .   a - +0 spear
rCold    . . .     Gourm    .   (no shield)
rNeg     . . .     Faith    .   b - +0 leather armour
rPois    .         Spirit   .   (helmet restricted)
rElec    .         Reflect  .   (no cloak)
rCorr    .         Harm     .   (no gloves)
MR       .....                  (no boots)
Stlth    +.........             (no amulet)
HPRegen  0.13/turn              (no ring)
MPRegen  0.11/turn              (no ring)

@: no status effects
A: horns 1, yellow scales 1
a: no special abilities


You were on level 4 of the Dungeon.
You were not hungry.

You visited 1 branch of the dungeon, and saw 4 of its levels.

You collected 39 gold pieces.

Inventory:

Hand Weapons
 a - a +0 spear (weapon)
Armour
 b - a +0 leather armour (worn)
Scrolls
 c - a scroll of magic mapping {unknown}
 e - a scroll of fear {unknown}
 f - 2 scrolls of blinking {unknown}
 g - a scroll of immolation {unknown}
 j - 2 scrolls of identify {unknown}
 l - a scroll of enchant weapon {unknown}
 m - 2 scrolls of teleportation {unknown}
 n - a scroll of enchant armour {unknown}
 o - a scroll of remove curse {unknown}
Potions
 i - a potion of lignification {unknown}
 p - a potion of agility {unknown}
Comestibles
 d - 3 rations
 k - 4 chunks of flesh


   Skills:
 * Level 3.1 Fighting
 + Level 3.0 Polearms
 * Level 1.6 Armour
 + Level 2.3 Dodging
 * Level 2.3 Spellcasting
 * Level 0.1 Hexes
 * Level 3.2 Charms


You had one spell level left.
You knew the following spells:

 Your Spells              Type           Power        Failure   Level  Hunger
a - Infusion              Chrm           ##..         7%          1    #......
b - Spectral Weapon       Hex/Chrm       #.......     38%         3    ###....
c - Regeneration          Chrm/Necr      #.........   38%         3    ###....

Your spell library contained the following spells:

 Spells                   Type           Power        Failure   Level  Hunger
 Song of Slaying          Chrm           ##......     11%         2    ###....
 Shroud of Golubria       Chrm/Tloc      #.........   22%         2    ###....


Dungeon Overview and Level Annotations

Branches:
Dungeon (4/15)
 Temple: D:4-7

Altars:
Sif Muna


Innate Abilities, Weirdness & Mutations

You have a pair of small horns on your head.
You are partially covered in yellow scales. (AC +2)


Message History

You draw out your weapon's spirit!
Attack whom?
Press: ? - help, Dir - move target cursor, f - ogre
Aim: an ogre, wielding a +0 giant club You reach to attack!
You closely miss the ogre.
Your spectral weapon completely misses the ogre.
You hit the ogre. You headbutt the ogre.
The ogre is lightly wounded.
Your spectral weapon hits the ogre from afar.
The ogre hits you with a +0 giant club!!
Ouch! That really hurt!
* * * LOW HITPOINT WARNING * * *
You are too injured to fight recklessly!
You are too injured to fight recklessly!
You are too injured to fight recklessly!
You hit the ogre.
The ogre is moderately wounded.
Your spectral weapon hits the ogre but does no damage.
The ogre hits you with a +0 giant club!
You die...

...# ##..## ##..#
##...... .. #...##
#......#... #....#
.......#...
###....####....#....#
#.##...##...# .....##
#..<........##.......
#<.........#..#(...#
#..###..####.@O.#
#..##.....#..####
#.##.........#
#......#.^.[##
#.##.....#.## >.
#.....### #.. #.


You could see an ogre and a friendly spectral +0 spear.

Vanquished Creatures
  Terence (D:2)
  A worker ant (D:4)
  8 adders
  2 worms (D:2)
  4 dart slugs (D:2)
  A leopard gecko (D:1)
  An orc (D:4)
  A ball python (D:2)
  4 bats
  A giant cockroach (D:1)
  7 goblins
  3 hobgoblins
  A quokka (D:2)
  2 frilled lizards
  6 kobolds
  4 rats
47 creatures vanquished.

Notes
Turn   | Place    | Note
-------+----------+-------------------------------------------
     0 | D:1      | troglodite the Demonspawn Skald began the quest for the
                  | Orb.
     0 | D:1      | Reached XP level 1. HP: 16/16 MP: 3/3
   240 | D:1      | Reached skill level 1 in Armour
   285 | D:1      | Gained mutation: You are partially covered in yellow
                  | scales. (AC +2) [demonic ancestry]
   285 | D:1      | Reached XP level 2. HP: 1/22 MP: 1/5
  1410 | D:2      | Reached XP level 3. HP: 25/27 MP: 1/6
  1447 | D:2      | Learned a level 3 spell: Spectral Weapon
  1522 | D:2      | Found a deep blue altar of Sif Muna.
  1830 | D:2      | Noticed Terence
  1852 | D:2      | Killed Terence
  1852 | D:2      | Reached XP level 4. HP: 30/34 MP: 4/7
  2541 | D:3      | Gained mutation: You have a pair of small horns on your
                  | head. [demonic ancestry]
  2541 | D:3      | Reached XP level 5. HP: 33/39 MP: 8/8
  2653 | D:3      | Learned a level 3 spell: Regeneration
  2891 | D:4      | Noticed an ogre
  2899 | D:4      | Slain by an ogre

Skill      XL: |  1  2  3  4  5 |
---------------+----------------+-----
Armour         | 1 |  1.6
Charms         | 3 |  3.2
Polearms       | 2 3 |  3.0
Dodging        | 2 |  2.3
Fighting       | 3 |  3.1
Spellcasting   | |  2.3
Hexes          | |  0.1

Action                   |  1- 3 |  4- 6 || total
-------------------------+-------+-------++-------
Melee: Spear             |   113 |    91 ||   204
       Headbutt          |       |     4 ||     4
 Cast: Infusion          |     3 |       ||     3
       Spectral Weapon   |     1 |     2 ||     3
  Use: Potion            |       |     2 ||     2
  Eat: Chunk             |     3 |     4 ||     7
Armor: Leather armour    |    20 |    14 ||    34
Dodge: Dodged            |    63 |    50 ||   113
